 Dungeon Crawl Stone Soup version 0.29-a0-542-g075992c915 (webtiles) character file.

Game seed: 714853398440639071

5154 ZappyNine the Fighter (level 10, -8/91 (96) HPs)
             Began as a Minotaur Monk on June 3, 2022.
             Was a Priest of Ru.
             Mangled by turdburglar's ghost (19 damage)
             ... on level 7 of the Dungeon.
             The game lasted 00:16:24 (10809 turns).

ZappyNine the Fighter (Minotaur Monk)              Turns: 10809, Time: 00:16:24

HP:   -8/91 (96)    AC:  8    Str: 21    XL:     10   Next: 33%
MP:   9/9           EV: 14    Int:  7    God:    Ru [***...]
Gold: 504           SH:  0    Dex: 18    Spells: 9/9 levels left

rFire   . . .      SeeInvis .     - Unarmed
rCold   . . .      Faith    .   (no shield)
rNeg    . . .      Spirit   .   q - +1 ring mail "Abuhe" {rPois}
rPois   +          Reflect  .   (helmet restricted)
rElec   .          Harm     .   (no cloak)
rCorr   +          Rampage  .   (no gloves)
Will    .....                   (no boots)
Stlth   ..........              (no amulet)
HPRegen 0.25/turn               c - ring of resist corrosion
MPRegen 0.11/turn               z - ring "Urodghob" {Fly Dex+6}

@: flying, drained
A: horns 2, no stealth, inability to use devices, retaliatory headbutt
a: Renounce Religion, Draw Out Power


You were on level 7 of the Dungeon.
You worshipped Ru.
Ru was most pleased with you.
You visited 2 branches of the dungeon, and saw 9 of its levels.

You collected 504 gold pieces.

Inventory:

Armour
 a - a +0 robe
 q - the +1 ring mail "Abuhe" (worn) {rPois}
   (You found it on level 4 of the Dungeon)

   rPois:     It protects you from poison.
 r - a +1 plate armour
 y - an orb of wrath
Jewellery
 c - a ring of resist corrosion (left hand)
 d - a ring of protection from fire
 j - a ring of magical power
 s - a ring of willpower
 z - the ring "Urodghob" (right hand) {Fly Dex+6}
   (You found it on level 8 of the Dungeon)

   [ring of dexterity]

   Dex:       It affects your dexterity (+6).
   Fly:       It grants you flight.
Wands
 l - a wand of digging (6)
 n - a wand of iceblast (25)
Scrolls
 h - 2 scrolls of blinking
 p - 5 scrolls of teleportation
 t - a scroll of poison
 A - a scroll of fog
Potions
 b - a potion of ambrosia
 e - a potion of might
 f - 4 potions of flight
 g - a potion of attraction
 i - 3 potions of curing
 k - a potion of haste
 o - a potion of invisibility {unknown}
 v - 2 potions of mutation
 w - a potion of heal wounds
 x - a potion of lignification
 B - a potion of resistance {unknown}


   Skills:
 + Level 11.2 Fighting
 + Level 9.3 Armour
 - Level 5.6 Dodging
 + Level 10.3 Unarmed Combat


You had 9 spell levels left.
You didn't know any spells.
Your spell library contained the following spells:

 Spells                   Type           Power      Damage    Failure   Level
 Apportation              Tloc           0%         N/A       56%         1
 Necrotize                Necr           0%         1d4       56%         1
 Summon Small Mammal      Summ           0%         N/A       56%         1
 Gell's Gravitas          Tloc           0%         N/A       91%         3
 Lesser Beckoning         Tloc           0%         N/A       91%         3
 Teleport Other           Tloc           0%         N/A       91%         3


Dungeon Overview and Level Annotations

Branches:
Dungeon (8/15)             Temple (1/1) D:5
   Lair: D:8-11

Altars:
Ashenzari
Cheibriados
Dithmenos
Elyvilon
Fedhas
Gozag
Hepliaklqana
Kikubaaqudgha
Makhleb
Nemelex Xobeh
Okawaru
Qazlal
Ru
Sif Muna
Trog
Uskayaw
Vehumet
Wu Jian
Xom
Yredelemnul
Zin
The Shining One
Beogh

Shops:
D:7 [

Annotations:
D:4 1 runed translucent door, ultragoat's ghost, amateur DrTm
D:7 1 runed translucent door, Maken's ghost, novice FoFi; turdburglar's ghost, novice HOFi


Innate Abilities, Weirdness & Mutations

You have a pair of horns on your head.
You cannot be stealthy.
You cannot study or use magical devices.
You reflexively headbutt those who attack you in melee.


Message History

You headbutt turdburglar's ghost, but do no damage.
Turdburglar's ghost is lightly damaged.
Turdburglar's ghost hits you. Turdburglar's ghost freezes you.
You closely miss turdburglar's ghost.
You headbutt turdburglar's ghost, but do no damage.
Turdburglar's ghost is lightly damaged.
Turdburglar's ghost is stunned by your conviction and fails to attack.
You barely miss turdburglar's ghost.
You punch turdburglar's ghost, but do no damage.
Turdburglar's ghost is lightly damaged.
You hit turdburglar's ghost but do no damage.
You headbutt turdburglar's ghost, but do no damage.
Turdburglar's ghost is lightly damaged.
Turdburglar's ghost hits you! Turdburglar's ghost freezes you.
You hit turdburglar's ghost.
You headbutt turdburglar's ghost, but do no damage.
Turdburglar's ghost is lightly damaged.
Turdburglar's ghost hits you! Turdburglar's ghost freezes you.
You hit turdburglar's ghost.
Your headbutt misses turdburglar's ghost.
You punch turdburglar's ghost, but do no damage.
Turdburglar's ghost is lightly damaged.
Turdburglar's ghost hits you!
* * * LOW HITPOINT WARNING * * *
Turdburglar's ghost freezes you!
* * * LOW HITPOINT WARNING * * *
Turdburglar's ghost closely misses you.
You fly upwards.
Level annotation: 1 runed translucent door, Maken's ghost, novice FoFi
There is a stone staircase leading down here.
Unknown command.
Unknown command.
Unknown command.
Turdburglar's ghost hits you.
* * * LOW HITPOINT WARNING * * *
Turdburglar's ghost freezes you.
* * * LOW HITPOINT WARNING * * *
Turdburglar's ghost attacks as you move away!
Turdburglar's ghost hits you!!
You die...

#....##### #....#...# #....'...#
###########....#.########## ####
.............###.#........# #...
.............#...#........# #...
............>#...#........# #...
.............##'##........####...
######.........W@..........#.##'#
#....#.....................#.....
.....#.....)###............#.....
#...##......#W##...........#..###
###'#####...+(.#'##......########
.......[..[[#.##..'......#.......
#......[....###...#......#.......
##..###..##[# ##.##......####'###
....###'###.# ##.#...............


You could see turdburglar's ghost.

Vanquished Creatures
  A hornet (D:7)
  Prince Ribbit (D:7)
  A wraith (D:7)
  5 yaks (D:8)
  Grum (D:8)
  A warg (D:8)
  Menkaure (D:5)
  6 water moccasins
  2 black bears
  An ice beast (D:6)
  A sky beast (D:7)
  2 orc warriors
  3 ogres
  3 wolves (D:8)
  A centaur (D:7)
  3 phantoms
  A kobold brigand (D:7)
  4 bullfrogs
  A scorpion (D:5)
  4 wights
  2 necrophages
  2 hounds
  A jelly (D:5)
  7 orc priests
  A gnoll shaman (D:7)
  3 iguanas
  5 orc wizards
  4 gnolls (D:7)
  10 adders
  2 shadow imps (D:6)
  A white imp (D:8)
  An ufetubus (D:7)
  4 worms
  3 dart slugs
  33 orcs
  A bat (D:3)
  8 endoplasms
  2 giant cockroaches
  9 goblins
  7 hobgoblins
  5 quokkas
  6 ball pythons
  2 frilled lizards
  8 kobolds
  7 rats
177 creatures vanquished.

Vanquished Creatures (others)
  A wight (D:7)
  An orc (D:7)
  A plant (D:1)
3 creatures vanquished.

Grand Total: 180 creatures vanquished

Notes
Turn   | Place    | Note
-------+----------+-------------------------------------------
     0 | D:1      | ZappyNine the Minotaur Monk began the quest for the Orb.
     0 | D:1      | Reached XP level 1. HP: 19/19 MP: 0/0
   228 | D:1      | Reached XP level 2. HP: 26/27 MP: 1/1
   464 | D:1      | Reached skill level 4 in Fighting
  1288 | D:2      | Reached XP level 3. HP: 33/33 MP: 2/2
  1648 | D:2      | Found an opulent altar of Gozag.
  1652 | D:2      | Reached XP level 4. HP: 41/41 MP: 3/3
  3074 | D:4      | Noticed an ogre
  3087 | D:4      | Killed an ogre
  3088 | D:4      | Reached skill level 5 in Fighting
  3088 | D:4      | Reached XP level 5. HP: 24/48 MP: 4/4
  3396 | D:4      | Identified the +1 ring mail "Abuhe" {rPois}
  3497 | D:4      | Reached skill level 5 in Unarmed Combat
  3750 | D:4      | Noticed a water moccasin
  3756 | D:4      | Killed a water moccasin
  3757 | D:4      | Reached skill level 5 in Dodging
  3757 | D:4      | Reached XP level 6. HP: 48/57 MP: 5/5
  4023 | D:4      | Reached skill level 6 in Fighting
  4179 | D:4      | Found a runed translucent door.
  4184 | D:4      | Noticed ultragoat's ghost (amateur DrTm)
  4314 | D:5      | Entered Level 5 of the Dungeon
  4371 | D:5      | Reached skill level 1 in Armour
  4371 | D:5      | Reached XP level 7. HP: 64/64 MP: 6/6
  4418 | D:5      | Found a staircase to the Ecumenical Temple.
  4425 | Temple   | Entered the Ecumenical Temple
  4929 | Temple   | Became a worshipper of Ru the Awakened
  4938 | Temple   | Gained mutation: You cannot be stealthy. [Ru sacrifice]
  5081 | D:5      | Noticed Menkaure
  5087 | D:5      | Killed Menkaure
  5088 | D:5      | Reached skill level 7 in Fighting
  5923 | D:6      | Reached XP level 8. HP: 42/73 MP: 7/7
  6913 | D:7      | Reached skill level 8 in Fighting
  6964 | D:7      | Reached skill level 5 in Armour
  7308 | D:7      | Found a runed translucent door.
  7318 | D:7      | Found a shimmering altar of Xom.
  7318 | D:7      | Noticed Maken's ghost (novice FoFi)
  7319 | D:7      | Noticed a +2 trident of chaos
  7363 | D:7      | Reached skill level 9 in Fighting
  7363 | D:7      | Reached XP level 9. HP: 31/83 MP: 8/8
  8037 | D:7      | Noticed Prince Ribbit
  8046 | D:7      | Killed Prince Ribbit
  8266 | D:7      | Found a blossoming altar of Fedhas.
  8459 | D:7      | Gained mutation: You cannot study or use magical devices.
                  | [Ru sacrifice]
  8459 | D:7      | Reached * piety under Ru
  8459 | D:7      | Reached ** piety under Ru
  8459 | D:7      | Reached *** piety under Ru
  9118 | D:7      | Found Kotis's Armour Shop.
  9152 | D:7      | Paralysed by a hornet for 1 turns
  9157 | D:7      | Reached skill level 10 in Fighting
  9656 | D:8      | Identified the ring "Urodghob" {Fly Dex+6}
  9884 | D:8      | Reached XP level 10. HP: 78/94 MP: 9/9
  9907 | D:8      | Reached skill level 10 in Unarmed Combat
 10031 | D:8      | Identified the +4 chain mail of Lust {SInv Stlth+}
 10059 | D:8      | Noticed Grum
 10071 | D:8      | Killed Grum
 10072 | D:8      | Reached skill level 11 in Fighting
 10231 | D:8      | Found a runed translucent gate.
 10231 | D:8      | Found a runed translucent gate.
 10231 | D:8      | Found a runed translucent gate.
 10234 | D:8      | Noticed turdburglar's ghost (novice HOFi)
 10809 | D:7      | Mangled by turdburglar's ghost

Illustrated notes

Levels and vault maps discovered:
D:1:      minmay_arrival_semitransparent, layout_loops_ring, fountainhead,
          roderic_serpentine_path, serial_bayou_lake_a
D:2:      layout_basic, serial_curves, eino_curves_03, eino_curves_03,
          basic_altar
D:3:      layout_basic, minmay_misc_feat_plants, minmay_close_crescents
D:4:      layout_basic, serial_glass, glass_columns_a, glass_columns_a,
          glass_columns_a, glass_columns_c, glass_columns_a, glass_columns_a,
          glass_columns_b, glass_columns_a, ebering_ghost_reflecting_pool
D:5:      layout_loops_ring, minmay_temple_entry_waves, uniq_menkaure
D:6:      layout_gridville
D:7:      minmay_skewed_foursquare, layout_gridville,
          mainiacjoe_overflow_tiny_flanked, ebering_ghost_xom, serial_shops,
          nicolae_shop_crystal, minmay_between, uniq_prince_ribbit1
D:8:      layout_basic, serial_shops, nicolae_shop_trees,
          biasface_ghost_orc_armoury, st_stairs_14, uniq_grum
Temple:   mainiacjoe_temple_trianglar_array

Skill      XL: |  1  2  3  4  5  6  7  8  9 10 |
---------------+-------------------------------+-----
Fighting       | 4 5 6 7 9 10 11 | 11.2
Dodging        | 4 5 |  5.6
Unarmed Combat | 4 5 6 8 9 10 | 10.3
Armour         | 1 3 6 8 9 |  9.3
Stealth        | 0 |  0.0

Action                   |  1- 3 |  4- 6 |  7- 9 | 10-12 || total
-------------------------+-------+-------+-------+-------++-------
Melee: Unarmed           |    84 |   105 |   262 |    91 ||   542
       Headbutt          |    15 |    21 |    71 |    25 ||   132
       Punch             |     2 |     1 |    11 |     6 ||    20
Invok: Sacrifice Stealth |       |       |     1 |       ||     1
       Sacrifice Artific |       |       |     1 |       ||     1
       Draw Out Power    |       |       |       |     1 ||     1
  Use: Potion            |       |       |     3 |     3 ||     6
       Scroll            |       |       |     9 |     9 ||    18
 Stab: Sleeping          |     5 |     3 |       |       ||     8
       Invisible         |       |       |     2 |       ||     2
Armor: Robe              |     8 |     8 |       |       ||    16
       Ring mail         |       |     7 |    54 |    25 ||    86
Dodge: Dodged            |    51 |    67 |   144 |    52 ||   314

Table legend: (Time is in decaauts)
 A = Elapsed time spent in this place.
 B = Non-inter-level travel time spent in this place.
 C = Inter-level travel time spent in this place.
 D = Time resting spent in this place.
 E = Time spent auto-exploring this place.
 F = Levels seen in this place.
 G = Mean time per level.
                   A        B        C        D        E       F      G
               +--------+--------+--------+--------+--------+-----+--------+
         Total |  10783 |  10508 |    275 |   2634 |   6654 |   9 | 1198.1 |
       Dungeon |  10240 |  10061 |    179 |   2546 |   6307 |   8 | 1280.0 |
        Temple |    542 |    446 |     96 |     88 |    347 |   1 |  542.0 |
               +--------+--------+--------+--------+--------+-----+--------+

Top non-repeatable levels by time:
     D:7: 2715 daAuts
     D:4: 1489 daAuts
     D:6: 1387 daAuts
     D:1: 1240 daAuts
     D:2: 927 daAuts
     D:5: 924 daAuts
     D:8: 888 daAuts
     D:3: 668 daAuts
  Temple: 542 daAuts
